 Dungeon Crawl Stone Soup version 0.31-a0-175-g9f7f995f2b (webtiles) character file.

Game seed: 17240273941887898907

595 qw the Shooter (level 7, -1/64 HPs)
             Began as a Naga Hunter on June 17, 2023.
             Killed by nerve-wracking pain
             ... invoked by an orc priest
              (14 damage)
             ... on level 4 of the Dungeon.
             The game lasted 00:01:20 (3397 turns).

qw the Shooter (Naga Hunter)                        Turns: 3397, Time: 00:01:20

Health: -1/64      AC:  4    Str: 14    XL:     7   Next: 40%
Magic:  7/7        EV: 15    Int:  9    God:
Gold:   113        SH:  0    Dex: 16    Spells: 6/6 levels left

rFire   . . .        Y - +0 shortbow (freeze)
rCold   . . .        (shield currently unavailable)
rNeg    . . .        c - +0 leather armour
rPois   +            j - +0 helmet
rElec   .            (no cloak)
rCorr   .            (no gloves)
SInv    +            (no barding)
Will    .....        (no amulet)
Stlth   ++           b - +5 ring of evasion
HPRegen 0.30/turn    (no ring)
MPRegen 0.10/turn

%: no passive effects
@: lethally poisoned (-1 -> -2), short of breath, very slow
A: AC +2, large, see invisible, deformed body, poison resistance, slowness 2,
spit poison 1, naga tail 1
a: Spit Poison


You were on level 4 of the Dungeon.
You visited 1 branch of the dungeon, and saw 4 of its levels.

You collected 141 gold pieces.
You spent 28 gold pieces at shops.


Innate Abilities, Weirdness & Mutations

Your serpentine skin is tough. (AC +2)
You have supernaturally acute eyesight. (SInv)
Armour fits poorly on your strangely shaped body.
Your system is resistant to poisons. (rPois)
You cover ground very slowly.
You can spit poison.
You have a snake-like lower body.


   Skills:
 - Level 4.0 Fighting
 + Level 7.1 Ranged Weapons
 - Level 2.1 Dodging
 - Level 1.5 Stealth


You had 6 spell levels left.
You didn't know any spells.
Your spell library was empty.

Inventory:

Hand Weapons
 Y - a +0 shortbow of freezing (weapon)
Armour
 c - a +0 leather armour (worn)
 j - a +0 helmet (worn)
Jewellery
 b - a +5 ring of evasion (left hand)
Scrolls
 e - a scroll of immolation {unknown}
 m - 2 scrolls of identify
Potions
 a - 2 potions of curing
 d - a potion of resistance
 f - a potion of heal wounds {unknown}
 g - 2 potions of enlightenment
 h - a potion of haste {unknown}
 i - a potion of berserk rage {unknown}
 k - a potion of ambrosia {unknown}
 l - 2 potions of might {unknown}
 n - a potion of degeneration {unknown}

Dungeon Overview and Level Annotations

Branches:
Dungeon (4/15)
 Temple: D:4-7

Altars:
Hepliaklqana

Shops:
D:1 :?


Message History

You feel sick. The adder misses you.
A kobold comes into view. It is wielding a +0 dagger.
The orc priest casts a cantrip, but nothing happens.
The orc priest hits you but does no damage.
You shoot an arrow. The arrow hits the orc priest.
The arrow freezes the orc priest.
The orc priest is severely wounded.
You feel sick. The adder bites you.
The orc priest invokes the aid of Beogh against you.
Beogh smites you!
You shoot an arrow. The arrow hits the orc priest.
The arrow freezes the orc priest.
You kill the orc priest!
You have got your breath back.
You feel sick. The adder misses you. The adder barely misses you.
Your Dodging skill increases to level 2!
3394 ||| INVOKING Spit Poison.
Aiming: Spit Poison (1% risk of failure)
Press: ? - help, Shift-Dir - straight line, f - adder The splash of poison hits the adder!
The adder is almost dead.
You feel sick. The adder bites you.
The orc priest looks satisfied for a moment.
You shoot an arrow. The arrow misses the adder.
The arrow closely misses the orc priest.
You feel sick. The adder barely misses you.
You shoot an arrow. The arrow hits the adder.
The adder seems to slow down.
The arrow freezes the adder.
You kill the adder!
You have got your breath back.
You feel sick.
3397 ||| INVOKING Spit Poison.
Aiming: Spit Poison (1% risk of failure)
Press: ? - help, Shift-Dir - straight line, f - orc priest The splash of poison hits the orc priest but does no damage.
The orc priest is poisoned.
You feel sick.
The orc priest invokes the aid of Beogh against you.
Pain shoots through your body!
You die...

####### #... #. #...
###. #... ########...
#..# #..........
#..## #..........
#.K) #......)##.
####o#### #.....).##.
#..)@)..# #<......###
#.##.##.###.......###
#.....##.......##.
####..#####.######
#.#####..# #)......
#........#####).....#
#
#####.......###.###.#
# #.#.........##...
### #...##......##..#


You could see an orc priest (poisoned) and a kobold.

Vanquished Creatures
  Sigmund (D:3)
  A hound (D:4)
  A gnoll bouda (D:4)
  2 orc priests (D:4)
  3 orc wizards (D:4)
  4 gnolls (D:4)
  8 adders
  A shadow imp (D:4)
  4 worms
  2 dart slugs
  6 orcs
  10 endoplasms
  7 giant cockroaches
  7 goblins
  11 hobgoblins
  10 jackals
  6 kobolds
  3 quokkas
  8 ball pythons
  4 bats
  6 frilled lizards
  5 rats
110 creatures vanquished.

Notes
Turn   | Place    | Note
-------+----------+-------------------------------------------
     0 | D:1      | qw the Naga Hunter began the quest for the Orb.
     0 | D:1      | Reached XP level 1. HP: 19/19 MP: 1/1
     0 | D:1      | 0 ||| qw: Version: 0.3-a-2-g5ab2908
     0 | D:1      | 0 ||| qw: Game counter: 257
     0 | D:1      | 0 ||| qw: Always use a shield: true
     0 | D:1      | 0 ||| qw: God list: Okawaru
     0 | D:1      | 0 ||| qw: Allow faded altars: false
     0 | D:1      | 0 ||| qw: Do Orc after D:15 true
     0 | D:1      | 0 ||| qw: Do second Lair branch before Depths: true
     0 | D:1      | 0 ||| qw: Lair rune preference: random
     0 | D:1      | 0 ||| qw: Plans: Normal
     0 | D:1      | 0 ||| PLANNING D:1-11
    46 | D:1      | 46 ||| FLEEEEING.
    47 | D:1      | 47 ||| FLEEEEING.
    48 | D:1      | 48 ||| FLEEEEING.
    49 | D:1      | 49 ||| FLEEEEING.
    50 | D:1      | 50 ||| FLEEEEING.
    51 | D:1      | 51 ||| FLEEEEING.
    63 | D:1      | 63 ||| INVOKING Spit Poison.
    84 | D:1      | 84 ||| INVOKING Spit Poison.
   117 | D:1      | 117 ||| INVOKING Spit Poison.
   140 | D:1      | 140 ||| INVOKING Spit Poison.
   153 | D:1      | Reached skill level 4 in Ranged Weapons
   153 | D:1      | Reached XP level 2. HP: 26/26 MP: 2/2
   161 | D:1      | 161 ||| INVOKING Spit Poison.
   172 | D:1      | 172 ||| INVOKING Spit Poison.
   257 | D:1      | 257 ||| INVOKING Spit Poison.
   296 | D:1      | 296 ||| INVOKING Spit Poison.
   325 | D:1      | 325 ||| INVOKING Spit Poison.
   329 | D:1      | 329 ||| INVOKING Spit Poison.
   349 | D:1      | 349 ||| INVOKING Spit Poison.
   491 | D:1      | 491 ||| INVOKING Spit Poison.
   512 | D:1      | 512 ||| INVOKING Spit Poison.
   519 | D:1      | 519 ||| INVOKING Spit Poison.
   520 | D:1      | Reached XP level 3. HP: 32/32 MP: 3/3
   544 | D:1      | 544 ||| INVOKING Spit Poison.
   560 | D:1      | 560 ||| INVOKING Spit Poison.
   668 | D:1      | 668 ||| INVOKING Spit Poison.
   674 | D:1      | Found Buthrepra's Book Boutique.
   686 | D:1      | 686 ||| INVOKING Spit Poison.
   706 | D:1      | 706 ||| INVOKING Spit Poison.
   720 | D:1      | Found The Oracle's Delphic Readings.
   724 | D:1      | 724 ||| BUYING scroll of identify (28 gold).
   724 | D:1      | Bought a scroll of identify for 28 gold pieces
   724 | D:1      | 724 ||| SHOPLISTING scroll of teleportation (42 gold, have
                  | 6).
   724 | D:1      | 724 ||| UPGRADING to +0 helmet.
   729 | D:1      | 729 ||| READING scroll labelled WYADENT SY ERU.
   730 | D:1      | 730 ||| READING scroll labelled QOC PUFERAMOI.
   731 | D:1      | 731 ||| READING 2 scrolls of identify.
   731 | D:1      | 731 ||| IDENTIFYING red potion
   732 | D:1      | 732 ||| DROPPING scroll of butterflies.
   733 | D:1      | 733 ||| DROPPING potion of attraction.
   782 | D:2      | 782 ||| INVOKING Spit Poison.
   792 | D:2      | 792 ||| INVOKING Spit Poison.
   805 | D:2      | 805 ||| INVOKING Spit Poison.
   850 | D:2      | 850 ||| INVOKING Spit Poison.
   861 | D:2      | 861 ||| INVOKING Spit Poison.
   866 | D:2      | 866 ||| INVOKING Spit Poison.
   873 | D:2      | 873 ||| INVOKING Spit Poison.
   966 | D:2      | 966 ||| INVOKING Spit Poison.
   975 | D:2      | 975 ||| INVOKING Spit Poison.
   978 | D:2      | 978 ||| INVOKING Spit Poison.
  1037 | D:2      | 1037 ||| INVOKING Spit Poison.
  1041 | D:2      | 1041 ||| INVOKING Spit Poison.
  1044 | D:2      | 1044 ||| INVOKING Spit Poison.
  1264 | D:2      | 1264 ||| INVOKING Spit Poison.
  1268 | D:2      | 1268 ||| INVOKING Spit Poison.
  1270 | D:2      | Reached skill level 5 in Ranged Weapons
  1271 | D:2      | Reached XP level 4. HP: 18/39 MP: 4/4
  1375 | D:2      | 1375 ||| INVOKING Spit Poison.
  1388 | D:2      | 1388 ||| INVOKING Spit Poison.
  1431 | D:2      | 1431 ||| INVOKING Spit Poison.
  1434 | D:2      | 1434 ||| INVOKING Spit Poison.
  1462 | D:2      | 1462 ||| INVOKING Spit Poison.
  1468 | D:2      | 1468 ||| INVOKING Spit Poison.
  1540 | D:2      | 1540 ||| INVOKING Spit Poison.
  1579 | D:2      | 1579 ||| INVOKING Spit Poison.
  1699 | D:2      | Found a faded altar of an unknown god.
  1845 | D:2      | 1845 ||| UPGRADING to +5 ring of evasion.
  1846 | D:2      | 1846 ||| READING scroll labelled IKYODE EGUP.
  1847 | D:2      | 1847 ||| DRINKING 3 murky black potions.
  1848 | D:2      | 1848 ||| READING 3 scrolls of identify.
  1848 | D:2      | 1848 ||| IDENTIFYING fizzy white potion
  1849 | D:2      | 1849 ||| READING 2 scrolls of identify.
  1849 | D:2      | 1849 ||| IDENTIFYING smoky clear potion
  1868 | D:3      | 1868 ||| INVOKING Spit Poison.
  1903 | D:3      | 1903 ||| INVOKING Spit Poison.
  1909 | D:3      | 1909 ||| INVOKING Spit Poison.
  1911 | D:3      | Reached skill level 3 in Fighting
  1947 | D:3      | 1947 ||| INVOKING Spit Poison.
  1965 | D:3      | 1965 ||| INVOKING Spit Poison.
  1980 | D:3      | 1980 ||| INVOKING Spit Poison.
  1996 | D:3      | 1996 ||| INVOKING Spit Poison.
  2075 | D:3      | 2075 ||| INVOKING Spit Poison.
  2085 | D:3      | 2085 ||| INVOKING Spit Poison.
  2114 | D:3      | 2114 ||| INVOKING Spit Poison.
  2115 | D:3      | Reached XP level 5. HP: 49/49 MP: 5/5
  2140 | D:3      | Noticed Sigmund
  2142 | D:3      | 2142 ||| INVOKING Spit Poison.
  2145 | D:3      | 2145 ||| INVOKING Spit Poison.
  2149 | D:3      | 2149 ||| INVOKING Spit Poison.
  2149 | D:3      | Killed Sigmund
  2150 | D:3      | Reached skill level 6 in Ranged Weapons
  2150 | D:3      | Reached XP level 6. HP: 45/56 MP: 6/6
  2202 | D:3      | 2202 ||| INVOKING Spit Poison.
  2218 | D:3      | 2218 ||| INVOKING Spit Poison.
  2397 | D:3      | 2397 ||| INVOKING Spit Poison.
  2435 | D:3      | 2435 ||| INVOKING Spit Poison.
  2492 | D:3      | Found a hazy altar of Hepliaklqana.
  2495 | D:3      | 2495 ||| INVOKING Spit Poison.
  2754 | D:3      | 2754 ||| READING scroll labelled NUNKAF OTSANUR.
  2755 | D:3      | 2755 ||| READING 2 scrolls of identify.
  2755 | D:3      | 2755 ||| IDENTIFYING puce potion
  2756 | D:3      | 2756 ||| DROPPING potion of lignification.
  2792 | D:4      | 2792 ||| Stepping ~*~*~tactically~*~*~ (outnumbered).
  2793 | D:4      | 2793 ||| INVOKING Spit Poison.
  2795 | D:4      | 2795 ||| Stepping ~*~*~tactically~*~*~ (outnumbered).
  2810 | D:4      | 2810 ||| INVOKING Spit Poison.
  2814 | D:4      | 2814 ||| INVOKING Spit Poison.
  2819 | D:4      | 2819 ||| INVOKING Spit Poison.
  2825 | D:4      | 2825 ||| INVOKING Spit Poison.
  2880 | D:4      | 2880 ||| INVOKING Spit Poison.
  2897 | D:4      | 2897 ||| INVOKING Spit Poison.
  2926 | D:4      | 2926 ||| INVOKING Spit Poison.
  2934 | D:4      | 2934 ||| INVOKING Spit Poison.
  2950 | D:4      | 2950 ||| INVOKING Spit Poison.
  3011 | D:4      | 3011 ||| Stepping ~*~*~tactically~*~*~ (outnumbered).
  3013 | D:4      | 3013 ||| Stepping ~*~*~tactically~*~*~ (outnumbered).
  3014 | D:4      | 3014 ||| INVOKING Spit Poison.
  3018 | D:4      | 3018 ||| INVOKING Spit Poison.
  3019 | D:4      | Reached XP level 7. HP: 61/64 MP: 7/7
  3025 | D:4      | 3025 ||| INVOKING Spit Poison.
  3198 | D:4      | 3198 ||| INVOKING Spit Poison.
  3201 | D:4      | 3201 ||| INVOKING Spit Poison.
  3234 | D:4      | 3234 ||| INVOKING Spit Poison.
  3292 | D:4      | 3292 ||| INVOKING Spit Poison.
  3297 | D:4      | 3297 ||| INVOKING Spit Poison.
  3300 | D:4      | 3300 ||| INVOKING Spit Poison.
  3303 | D:4      | 3303 ||| INVOKING Spit Poison.
  3373 | D:4      | 3373 ||| INVOKING Spit Poison.
  3375 | D:4      | Reached skill level 7 in Ranged Weapons
  3380 | D:4      | 3380 ||| INVOKING Spit Poison.
  3387 | D:4      | 3387 ||| INVOKING Spit Poison.
  3391 | D:4      | 3391 ||| INVOKING Spit Poison.
  3394 | D:4      | 3394 ||| INVOKING Spit Poison.
  3394 | D:4      | HP: 15/64 [adder (3)]
  3397 | D:4      | 3397 ||| INVOKING Spit Poison.
  3397 | D:4      | Killed from afar by an orc priest

Levels and vault maps discovered:
D:1:      minmay_arrival_hallway, layout_basic, serial_shops,
          nicolae_shop_pleasant_corner_grove, minmay_misc_feat_ornament,
          dk_noncrumbling_3, hangedman_feature_mirror,
          nicolae_nh_oracle_at_delphi
D:2:      layout_loops_corners, shapermc_ecumenical_altar_mp_vishouse,
          kennysheep_minor_cross
D:3:      layout_loops_corners, mainiacjoe_overflow_alcove_2,
          minmay_shallow_snake_nest, uniq_sigmund
D:4:      layout_loops_cross, minmay_manual_monolith

Skill      XL: |  1  2  3  4  5  6  7 |
---------------+----------------------+-----
Ranged Weapons | 4 5 6 7 |  7.1
Fighting       | 3 4 |  4.0
Dodging        | 2 |  2.1
Stealth        | |  1.5

Action                     |  1- 3 |  4- 6 |  7- 9 || total
---------------------------+-------+-------+-------++-------
   Fire: Shortbow          |    63 |   101 |    53 ||   217
Ability: Spit Poison       |    34 |    38 |    14 ||    86
    Use: Scroll            |     3 |     5 |       ||     8
         Potion            |       |     1 |       ||     1
 Armour: Leather armour    |     2 |     7 |    10 ||    19
  Dodge: Dodged            |    12 |    32 |    29 ||    73

Table legend:
 A = Non-vault XP
 B = Vault XP
 C = Vault XP percentage of total XP
 D = Non-vault monster count
 E = Vault monster count
 F = Vault count percentage of total count
                 A         B        C        D         E       F
            +---------+---------+-------+---------+---------+-------
      Total |     545 |     306 |  36.0 |      98 |      12 |  10.9
            +---------+---------+-------+---------+---------+-------
        D:1 |      40 |       6 |  13.0 |      24 |       4 |  14.3
        D:2 |      78 |       0 |   0.0 |      27 |       0 |   0.0
        D:3 |      69 |     242 |  77.8 |      21 |       4 |  16.0
        D:4 |     358 |      58 |  13.9 |      26 |       4 |  13.3
            +---------+---------+-------+---------+---------+-------
